 Dungeon Crawl Stone Soup version 0.25-b1-23-ge2ad7d536c (webtiles) character file.

Game seed: 665306064431768327, levelgen mode: deterministic

1747 snowfan the Thaumaturge (level 8, -8/52 HPs)
             Began as a Mummy Fire Elementalist on May 30, 2020.
             Shot with an arrow by a centaur (17 damage)
             ... on level 7 of the Dungeon.
             The game lasted 00:38:56 (8441 turns).

snowfan the Thaumaturge (Mummy Fire Elementalist)   Turns: 8441, Time: 00:38:57

Health: -8/52      AC:  4    Str: 11    XL:     8   Next: 77%
Magic:  3/22       EV: 12    Int: 17    God:
Gold:   132        SH:  0    Dex: 12    Spells: 9/28 levels left

rFire    x . .     SeeInvis .   m - +0 hunting sling
rCold    + . .     Gourm    .   (no shield)
rNeg     + + +     Faith    .   d - +0 robe (curse)
rPois    ∞         Spirit   .   a - +0 helmet
rElec    .         Reflect  .   j - +0 cloak
rCorr    .         Harm     .   (no gloves)
MR       +....                  (no boots)
Stlth    ++........             (no amulet)
HPRegen  0.17/turn              p - ring of wizardry
MPRegen  0.18/turn              (no ring)

@: no status effects
A: no food or potions, fire vulnerability, cold resistance 1, negative energy
resistance 3, torment resistance, unbreathing
a: no special abilities


You were on level 7 of the Dungeon.
You were not hungry.

You visited 2 branches of the dungeon, and saw 8 of its levels.

You collected 257 gold pieces.
You spent 125 gold pieces at shops.

Inventory:

Hand Weapons
 m - a +0 hunting sling (weapon)
 n - a +1 dagger of draining
 r - a +4 whip
Missiles
 e - 131 stones (quivered)
 l - 11 sling bullets
Armour
 a - a +0 helmet (worn)
 d - a cursed +0 robe (worn)
 j - a +0 cloak (worn)
 o - a +0 robe
Jewellery
 p - a ring of wizardry (left hand)
 t - a +6 ring of dexterity {unknown}
Wands
 q - a wand of polymorph (11)
 v - a wand of clouds (3)
Scrolls
 b - a scroll of blinking {unknown}
 c - 6 scrolls of identify
 f - 4 scrolls of teleportation
 g - a scroll of enchant weapon
 h - 5 scrolls of remove curse
 i - 2 scrolls of magic mapping
 k - 2 scrolls of fog
 s - a scroll of brand weapon {unknown}
 u - a scroll of immolation {unknown}


   Skills:
 - Level 1.5 Dodging
 - Level 1.5 Stealth
 + Level 10.6 Spellcasting
 - Level 0.7 Conjurations
 * Level 6.5 Fire Magic


You had 9 spell levels left.
You knew the following spells:

 Your Spells              Type           Power        Failure   Level  Hunger
a - Foxfire               Conj/Fire      ###.         1%          1    N/A
b - Blink                 Tloc           N/A          4%          2    N/A
c - Sticky Flame          Conj/Fire      ###.....     8%          4    N/A
d - Conjure Flame         Conj/Fire      ###.....     2%          3    N/A
f - Fireball              Conj/Fire      ###.......   21%         5    N/A
s - Magic Dart            Conj           ##..         2%          1    N/A
x - Inner Flame           Hex/Fire       ###.....     2%          3    N/A

Your spell library contained the following spells:

 Spells                   Type           Power        Failure   Level  Hunger
 Call Imp                 Summ           #.......     4%          2    N/A
 Slow                     Hex            #.......     4%          2    N/A
 Mephitic Cloud           Conj/Pois/Air  #.......     9%          3    N/A

Dungeon Overview and Level Annotations

Branches:
Dungeon (7/15)             Temple (1/1) D:4

Altars:
Ashenzari
Cheibriados
Dithmenos
Elyvilon
Fedhas
Gozag
Hepliaklqana
Kikubaaqudgha
Makhleb
Nemelex Xobeh
Okawaru
Qazlal
Ru
Sif Muna
Trog
Uskayaw
Vehumet
Wu Jian
Xom
Yredelemnul
The Shining One

Shops:
D:4 ?   D:5 =


Innate Abilities, Weirdness & Mutations

You do not eat or drink.
Your flesh is vulnerable to fire.
You are immune to poison.
Your flesh is cold resistant. (rC+)
You are immune to negative energy. (rN+++)
You are immune to unholy pain and torment.
You can survive without breathing.


Message History

You hear an angry buzzing noise. x2; You hear a bark!
The centaur hits you!
The orc priest mumbles some strange prayers to Beogh against you.
Beogh smites you!
* * * LOW HITPOINT WARNING * * *
The adder barely misses you.
Casting: Blink (safe; 4% risk of failure)
Confirm with . or Enter, or press ? or * to list all spells.
You blink.
The centaur wields a +0 shortbow.
The centaur shoots an arrow.
The arrow barely misses you.
The worker ant bites you but does no damage.
The worker ant misses you.
Casting: Blink (safe; 4% risk of failure)
Confirm with . or Enter, or press ? or * to list all spells.
You blink.
A killer bee comes into view.
The killer bee buzzes angrily.
A killer bee comes into view.
The centaur shoots an arrow.
The arrow hits you!
You die...

# ###.
....###########
y.y........>...
#..@...# #......#
#.§....###
###.c.......
####..rS....###
.#
####.o..#......#
.#
##....####..§...#
.# #..####
#..a...# ......
.####.## ###.(###
...o.#


You could see a centaur, a worker ant, 2 killer bees, an adder and a quokka.

Vanquished Creatures
  A sky beast (D:5)
  An ice beast (D:4)
  2 phantoms
  2 ogres
  2 centaurs (D:6)
  2 howler monkeys
  2 electric eels (D:6)
  A jelly (D:6)
  2 crimson imps (D:5)
  4 hounds
  7 orc wizards
  An orc priest (D:5)
  6 worker ants
  4 iguanas
  A worker ant zombie (D:6)
  10 adders
  A shadow imp (D:5)
  An ooze (D:1)
  An adder zombie (D:5)
  3 worms
  3 dart slugs
  2 leopard geckos
  13 orcs
  4 ball pythons
  4 bats
  4 giant cockroaches
  7 goblins
  8 hobgoblins
  4 jackals
  4 quokkas
  3 frilled lizards
  6 kobolds
  10 rats
  A rat zombie (D:5)
127 creatures vanquished.

Vanquished Creatures (collateral kills)
  A goblin (D:2)
  A rat (D:1)
2 creatures vanquished.

Vanquished Creatures (others)
  459 foxfires
459 creatures vanquished.

Grand Total: 588 creatures vanquished

Notes
Turn   | Place    | Note
-------+----------+-------------------------------------------
     0 | D:1      | snowfan the Mummy Fire Elementalist began the quest for the
                  | Orb.
     0 | D:1      | Reached XP level 1. HP: 13/13 MP: 4/4
    61 | D:1      | Reached skill level 3 in Spellcasting
   255 | D:1      | Reached XP level 2. HP: 19/19 MP: 3/6
   373 | D:1      | Reached skill level 4 in Spellcasting
  1485 | D:2      | Reached XP level 3. HP: 24/24 MP: 5/9
  1606 | D:2      | Noticed an ogre
  1622 | D:2      | Killed an ogre
  1622 | D:2      | Reached skill level 6 in Spellcasting
  1622 | D:2      | Reached XP level 4. HP: 12/30 MP: 2/12
  1939 | D:2      | Reached XP level 5. HP: 35/35 MP: 10/13
  2385 | D:3      | Found a sparkling altar of Nemelex Xobeh.
  2408 | D:3      | Found an opulent altar of Gozag.
  2410 | D:3      | Found a hide-covered altar of Uskayaw.
  2485 | D:3      | Found a white marble altar of Elyvilon.
  2506 | D:3      | Reached skill level 7 in Spellcasting
  3210 | D:3      | Learned a level 3 spell: Conjure Flame
  3214 | D:3      | Learned a level 3 spell: Inner Flame
  3219 | D:3      | Learned a level 4 spell: Sticky Flame
  3225 | D:3      | Learned a level 5 spell: Fireball
  3558 | D:3      | Reached XP level 6. HP: 33/41 MP: 10/16
  3758 | D:4      | Found Wurocok's Magic Scroll Emporium.
  3766 | D:4      | Bought a scroll of teleportation for 30 gold pieces
  3766 | D:4      | Bought a scroll of magic mapping for 35 gold pieces
  3766 | D:4      | Bought a scroll of identify for 20 gold pieces
  3766 | D:4      | Bought a scroll of identify for 20 gold pieces
  3766 | D:4      | Bought a scroll of identify for 20 gold pieces
  3775 | D:4      | Found a staircase to the Ecumenical Temple.
  3776 | D:4      | Noticed an ice beast
  4115 | D:4      | Learned a level 1 spell: Magic Dart
  4123 | Temple   | Entered the Ecumenical Temple
  4222 | D:4      | Learned a level 2 spell: Blink
  4392 | D:4      | Reached skill level 8 in Spellcasting
  4560 | D:4      | Killed an ice beast
  4791 | D:4      | Reached skill level 9 in Spellcasting
  4791 | D:4      | Reached XP level 7. HP: 46/46 MP: 11/19
  5007 | D:5      | Entered Level 5 of the Dungeon
  5936 | D:5      | Found a radiant altar of Vehumet.
  5936 | D:5      | Found a stormy altar of Qazlal.
  5945 | D:5      | Found Lithrol's Jewellery Shoppe.
  6021 | D:5      | Reached XP level 8. HP: 47/52 MP: 7/21
  6112 | D:5      | Reached skill level 5 in Fire Magic
  6841 | D:5      | Found an ancient bone altar of Kikubaaqudgha.
  6882 | D:5      | Reached skill level 10 in Spellcasting
  8441 | D:7      | Shot with an arrow by a centaur

Illustrated notes

Levels and vault maps discovered:
D:1:      dpeg_chamrin_arrival_tetris, layout_basic
D:2:      layout_basic
D:3:      layout_rooms, lemuel_crystal_altar, grunt_temple_overflow_open,
          first_ration
D:4:      minmay_evil_eye, layout_rooms, minmay_temple_entry_mini_moons,
          serial_shops, shop
D:5:      layout_cave_pools, gammafunk_temple_overflow_elements,
          lemuel_zombie_altar_kikubaaqudgha, serial_shops, kennysheep_mini_moat
D:6:      layout_basic, serial_bayou_lake_a
D:7:      layout_rooms, kennysheep_generic_room_12
Temple:   jpeg_temple_clearing

Skill      XL: |  1  2  3  4  5  6  7  8 |
---------------+-------------------------+-----
Spellcasting   | 3 4 6 7 9 10 | 10.6
Fire Magic     | 4 6 |  6.5
Dodging        | |  1.5
Stealth        | |  1.5
Conjurations   | |  0.7

Action                   |  1- 3 |  4- 6 |  7- 9 || total
-------------------------+-------+-------+-------++-------
Melee: Dagger            |    27 |    49 |       ||    76
 Fire: Hunting sling     |       |    17 |    14 ||    31
Throw: Stone             |     2 |    13 |       ||    15
 Cast: Foxfire           |    43 |   141 |   110 ||   294
       Conjure Flame     |       |     8 |    11 ||    19
       Sticky Flame      |       |     3 |     6 ||     9
       Magic Dart        |       |       |    92 ||    92
       Blink             |       |       |    14 ||    14
       Fireball          |       |       |     6 ||     6
       Inner Flame       |       |       |     1 ||     1
  Use: Scroll            |       |     3 |       ||     3
 Stab: Sleeping          |       |     1 |       ||     1
Armor: Robe              |     5 |    27 |    17 ||    49
Dodge: Dodged            |    22 |    68 |    42 ||   132
